 Dungeon Crawl Stone Soup version 0.32-a0-306-gfed3edf829 (webtiles) character file.

Game seed: 15906323728742040901

7 holysushi the Ducker (level 1, 0/11 HPs)
             Began as a Spriggan Monk on Feb 15, 2024.
             Slain by a quokka (5 damage)
             ... on level 1 of the Dungeon.
             The game lasted 00:00:29 (225 turns).

holysushi the Ducker (Spriggan Monk)                 Turns: 225, Time: 00:00:30

Health: 0/11       AC:  2    Str:  7    XL:     1   Next: 91%
Magic:  2/2        EV: 18    Int: 11    God:
Gold:   0          SH:  0    Dex: 17    Spells: 0/0 levels left

rFire   . . .        a - +0 short sword
rCold   . . .        (no shield)
rNeg    . . .        b - +0 robe
rPois   .            (helmet restricted)
rElec   .            (no cloak)
rCorr   .            (gloves unavailable)
SInv    +            (boots unavailable)
Will    .....        (no amulet)
Stlth   ++           (no ring)
HPRegen 0.21/turn    (no ring)
MPRegen 0.08/turn

%: no passive effects
@: very quick
A: very small, no large weapons, unfitting armour, see invisible, speed 3
a: no special abilities


You were on level 1 of the Dungeon.
You visited 1 branch of the dungeon, and saw 1 of its levels.

Inventory:

Hand Weapons
 a - a +0 short sword (weapon)
Armour
 b - a +0 robe (worn)
Talismans
 d - a blade talisman
Potions
 c - a potion of ambrosia


   Skills:
 - Level 2.4 Fighting
 + Level 3.9 Short Blades
 - Level 4.0 Dodging


You couldn't memorise any spells.
You didn't know any spells.
Your spell library was empty.

Dungeon Overview and Level Annotations

Branches:
Dungeon (1/15) Zot: 5847

Altars:


Innate Abilities, Weirdness & Mutations

You are very small and have problems with some larger weapons.
You are too small for most types of armour.
You have supernaturally acute eyesight. (SInv)
You cover ground extremely quickly. (Speed+++)


Message History

The goblin hits you with a +0 club.
You miss the goblin. The goblin closely misses you.
You barely miss the goblin. The goblin completely misses you.
You hit the goblin.
The goblin is moderately wounded.
The goblin barely misses you.
You hit the goblin.
You kill the goblin!
No target in view!
You open the door.
There is an open door here.
There is an open door here.
You see here a giant cockroach corpse.
You see here a blade talisman.
d - a blade talisman You see here a +0 falchion.
You open the door. You open the door.
There is an open door here.
You open the door.
A quokka comes into view.
A quokka is nearby!
A quokka is nearby!
A quokka is nearby!
A quokka is nearby!
The quokka barely misses you.
There is an open door here.
You hit the quokka but do no damage. The quokka bites you.
You barely miss the quokka. The quokka barely misses you.
You hit the quokka.
The quokka is lightly wounded.
The quokka misses you.
You hit the quokka but do no damage.
The quokka is lightly wounded.
The quokka bites you.
You are too injured to fight recklessly!
You barely miss the quokka.
The quokka is lightly wounded.
The quokka bites you.
You die...

#.#..##.....
###.#..#.#.... ####
#.......#.##.. #...
#........##.#. #...
#.......)#.#.#
#...####.........#.##
+...+..'..........##.
#...####.............
+..r@..'.............
#...####..........##.
#### #####.....#.##
....>....#.#.#
.#.......##.#.
#......#.##..
#.....#.#....
#.....##.....
#....#.......


You could see a quokka.

Vanquished Creatures
  A ball python (D:1)
  A giant cockroach (D:1)
  A goblin (D:1)
  A rat (D:1)
4 creatures vanquished.

Notes
Turn   | Place    | Note
-------+----------+-------------------------------------------
     0 | D:1      | holysushi the Spriggan Monk began the quest for the Orb.
     0 | D:1      | Reached XP level 1. HP: 11/11 MP: 2/2
   225 | D:1      | Slain by a quokka

Illustrated notes

Levels and vault maps discovered:
D:1:      tarquinn_simple_flora_water_c, layout_basic,
          nicolae_ecumenical_snake_handling, minmay_misc_feat_secret_circle,
          serial_bayou_pond_c, st_stairs_13, serial_bayou_crossing

Action                     || total
---------------------------++-------
  Melee: Short sword       ||    23
 Armour: Robe              ||     7
  Dodge: Dodged            ||    17

Table legend: (Time is in decaauts)
 A = Elapsed time spent in this place.
 B = Non-inter-level travel time spent in this place.
 C = Inter-level travel time spent in this place.
 D = Time resting spent in this place.
 E = Time spent auto-exploring this place.
 F = Levels seen in this place.
 G = Mean time per level.
                   A        B        C        D        E       F      G
               +--------+--------+--------+--------+--------+-----+--------+
         Total |    152 |    152 |      0 |     16 |     59 |   1 |  152.0 |
       Dungeon |    152 |    152 |      0 |     16 |     59 |   1 |  152.0 |
               +--------+--------+--------+--------+--------+-----+--------+

Top non-repeatable levels by time:
     D:1: 152 daAuts
